 Dungeon Crawl Stone Soup version 0.23.0 (webtiles) character file.

Game seed: 17654753848269090367

174 Jannitor the Charmwright (level 5, -1/42 HPs)
             Began as a Demigod Skald on Feb 19, 2019.
             Slain by a bullfrog (5 damage)
             ... in a sewer.
             The game lasted 00:03:25 (3017 turns).

Jannitor the Charmwright (Demigod Skald)            Turns: 3017, Time: 00:03:26

Health: -1/42      AC:  4    Str: 16 (19) XL:     5   Next: 7%
Magic:  10/11      EV:  9    Int: 17 (19) God:
Gold:   152        SH:  0    Dex: 13 (15) Spells: 2/8 levels left

rFire    . . .     SeeInvis .   a - +0 spear
rCold    . . .     Gourm    +   (no shield)
rNeg     . . .     Faith    .   b - +0 leather armour
rPois    +         Spirit   .   (no helmet)
rElec    .         Reflect  .   (no cloak)
rCorr    .         Harm     .   (no gloves)
MR       .....                  m - +0 pair of boots
Stlth    +.........             o - amulet of the gourmand
HPRegen  0.14/turn              (no ring)
MPRegen  0.12/turn              h - ring of poison resistance

@: mighty, lethally poisoned (-1 -> -4), about to teleport, constricted
A: high mp 1
a: no special abilities


You were in a sewer.
You were very full.

You visited 1 branch of the dungeon, and saw 3 of its levels.
You also visited: Sewer.

You collected 152 gold pieces.

Inventory:

Hand Weapons
 a - a +0 spear (weapon)
Armour
 b - a +0 leather armour (worn)
 m - a +0 pair of boots (worn)
Jewellery
 h - a ring of poison resistance (right hand)
 j - an uncursed ring of flight
 o - an amulet of the gourmand (around neck)
 p - an uncursed ring of ice
Scrolls
 f - 4 scrolls of fog {unknown}
 k - 2 scrolls of remove curse {unknown}
 l - a scroll of teleportation
 n - 3 scrolls of identify {unknown}
 s - 2 scrolls of magic mapping {unknown}
Potions
 c - a potion of degeneration
 e - a potion of magic
 g - a potion of curing {unknown}
 i - 2 potions of might
 q - a potion of ambrosia {unknown}
 r - a potion of heal wounds {unknown}
Comestibles
 d - 4 rations


   Skills:
 + Level 2.5 Fighting
 + Level 2.3 Polearms
 + Level 1.9 Armour
 + Level 2.5 Dodging
 + Level 2.4 Spellcasting
 + Level 3.2 Charms
 + Level 1.0 Necromancy


You had 2 spell levels left.
You knew the following spells:

 Your Spells              Type           Power        Failure   Level  Hunger
a - Infusion              Chrm           ##..         6%          1    #......
b - Shroud of Golubria    Chrm/Tloc      #.........   19%         2    ##.....
c - Regeneration          Chrm/Necr      #.........   28%         3    ###....

Your spell library contained the following spells:

 Spells                   Type           Power        Failure   Level  Hunger
 Song of Slaying          Chrm           ##......     9%          2    ##.....
 Spectral Weapon          Hex/Chrm       #.......     34%         3    ###....


Dungeon Overview and Level Annotations

Branches:
Dungeon (3/15)


Innate Abilities, Weirdness & Mutations

You have an increased reservoir of magic. (+10% MP)


Message History

The bullfrog is heavily wounded.
You feel sick. The ball python barely misses you.
The ball python constricts you. The bullfrog hits you! x2
* * * LOW HITPOINT WARNING * * *
Unknown command.
As you read the scroll labeled CORHUZ HEKONO, it crumbles to dust.
You feel strangely unstable.
It was a scroll of teleportation.
The frilled lizard hisses angrily.
The bullfrog hits you.
* * * LOW HITPOINT WARNING * * *
The ball python bites you but does no damage.
* * * LOW HITPOINT WARNING * * *
The ball python constricts you.
The frilled lizard unfolds its giant frill.
The bullfrog closely misses you. The ball python bites you.
* * * LOW HITPOINT WARNING * * *
The adder bites you.
* * * LOW HITPOINT WARNING * * *
The bullfrog hits you.
You die...

#....'..# #....#..#
##...####
#....##################
#......≈≈≈≈≈≈≈≈≈≈≈≈≈≈≈#.
##....≈≈≈≈≈≈≈≈≈≈≈≈≈≈≈≈..
#....≈≈≈≈≈≈≈≈S≈≈≈≈≈≈≈≈.
#....≈≈≈≈≈≈≈#FS≈≈≈≈≈≈..
##....≈≈≈≈≈#≈@Sl≈≈≈l≈.l
###..≈≈≈≈≈≈≈SF≈≈≈≈≈≈#S
###################


You could see 2 bullfrogs, an adder, 3 ball pythons and 2 frilled lizards.

Vanquished Creatures
  5 adders
  A gnoll (D:3)
  4 river rats (Sewer)
  2 oozes
  A worm (D:3)
  3 dart slugs
  3 bats
  6 giant cockroaches (D:3)
  4 goblins
  7 hobgoblins
  2 quokkas
  7 ball pythons (Sewer)
  3 frilled lizards
  4 kobolds
  28 rats
80 creatures vanquished.

Notes
Turn   | Place    | Note
-------+----------+-------------------------------------------
     0 | D:1      | Jannitor the Demigod Skald began the quest for the Orb.
     0 | D:1      | Reached XP level 1. HP: 17/17 MP: 5/5
    34 | D:1      | Reached skill level 1 in Armour
   214 | D:1      | Reached XP level 2. HP: 24/24 MP: 7/7
   766 | D:2      | Learned a level 2 spell: Shroud of Golubria
   895 | D:2      | Reached XP level 3. HP: 27/29 MP: 2/8
  1357 | D:2      | Learned a level 3 spell: Regeneration
  1407 | D:3      | Found a snail-covered altar of Cheibriados.
  1446 | D:3      | Reached skill level 3 in Charms
  1772 | D:3      | Found a glowing drain.
  1798 | D:3      | Reached XP level 4. HP: 18/37 MP: 4/10
  1845 | Sewer    | Entered a sewer
  2907 | Sewer    | Reached skill level 1 in Necromancy
  2907 | Sewer    | Reached XP level 5. HP: 42/42 MP: 5/11
  3017 | Sewer    | Slain by a bullfrog

Skill      XL: |  1  2  3  4 |
---------------+-------------+-----
Armour         | 1 |  1.9
Dodging        | 2 |  2.5
Fighting       | 2 |  2.5
Polearms       | 2 |  2.3
Spellcasting   | 2 |  2.4
Charms         | 3 |  3.2
Necromancy     | 1 |  1.0

Action                   |  1- 3 |  4- 6 || total
-------------------------+-------+-------++-------
Melee: Spear             |   143 |   106 ||   249
 Cast: Infusion          |     6 |     6 ||    12
       Shroud of Golubri |     1 |     6 ||     7
  Use: Potion            |       |     4 ||     4
       Scroll            |       |     1 ||     1
 Stab: Sleeping          |     3 |       ||     3
  Eat: Chunk             |    17 |     5 ||    22
Armor: Leather armour    |    21 |    38 ||    59
Dodge: Dodged            |    67 |    98 ||   165
